Map: World of Sleepers LE

Players

Trap

  • Race: Protoss Protoss
  • Spawn Location: 1:00

Rogue - Winner!

  • Race: Zerg Zerg
  • Spawn Location: 7:00

Event: 2019 WCS Global FInals

VOD

Have the link to the VOD?

Description

Time

  • Played on: Oct. 27, 2019, 1:57 a.m.
  • Length: 10:08

All games in this series

Show
View Real Time Build Order
Export as new Build Order

Trap Protoss 

Build Orders: 1 Gate Expand 

Get SALT Encoding   

  12  0:00  Probe  
  13  0:12  Probe  
  14  0:18  Pylon  
  14  0:25  Probe (Chrono Boost)  
  15  0:37  Probe (Chrono Boost)  
  16  0:45  Gateway  
  16  0:46  Assimilator, Probe (Chrono Boost)  
  17  0:51  Probe  
  18  1:03  Probe  
  19  1:15  Probe  
  20  1:24  Nexus  
  20  1:33  Cybernetics Core  
  20  1:36  Probe  
  21  1:43  Assimilator  
  21  1:48  Probe  
  21  1:53  Pylon  
  22  2:00  Probe  
  23  2:08  Adept (Chrono Boost)  
  23  2:09  Warp Gate  
  23  2:12  Probe  
  26  2:18  Robotics Facility  
  26  2:24  Probe  
  27  2:30  Stalker  
  27  2:36  Probe (Chrono Boost)  
  27  2:37  Probe (Chrono Boost)  
  31  2:46  Probe x2 (Chrono Boost)  
  31  2:51  Probe x2 (Chrono Boost)  
  35  3:01  Sentry  
  35  3:03  Probe x2  
  35  3:04  Warp Prism (Chrono Boost)  
  41  3:15  Probe x2  
  43  3:20  Forge  
  43  3:25  Gateway  
  43  3:32  Probe  
  43  3:33  Observer, Probe  
  46  3:34  Pylon  
  46  3:37  Assimilator  
  46  3:50  Protoss Ground Weapons Level 1 (Chrono Boost)  
  46  3:51  Immortal (Chrono Boost)  
  50  4:00  Probe x2  
  52  4:02  Pylon  
  52  4:05  Pylon  
  52  4:15  Gateway x2  
  52  4:20  Immortal (Chrono Boost)  
  56  4:27  Sentry  
  56  4:28  Sentry  
  60  4:38  Gateway  
  60  4:39  Gateway  
  60  4:44  Pylon  
  60  4:50  Immortal (Chrono Boost)  
  60  4:52  Probe x2  
  66  5:02  Gateway  
  66  5:04  Gateway  
  66  5:10  Sentry x3  
  66  5:13  Zealot  
  74  5:17  Pylon  
  74  5:31  Pylon  
  74  5:32  Pylon  
  74  5:36  Stalker x3  
  74  5:37  Stalker  
  74  5:41  Zealot  
  84  5:44  Zealot  
  74  6:11  Sentry  
  74  6:12  Sentry  
  74  6:13  Zealot x4  
  74  6:14  Zealot, Sentry  
  78  6:34  Zealot x3, Sentry  
  78  6:35  Zealot x3  
  78  6:39  Pylon  
  92  6:41  Pylon  
  92  6:42  Observer  
  92  6:54  Observer  
  92  6:56  Protoss Ground Armor Level 1 (Chrono Boost), Immortal (Chrono Boost)  
  96  7:02  Assimilator  
  96  7:05  Stalker x2  
  100  7:21  Pylon  
  100  7:23  Pylon  
  100  7:24  Pylon  
  100  7:25  Immortal (Chrono Boost)  
  104  7:35  Pylon  
  104  7:41  Stalker x2  
  108  7:46  Sentry  
  110  7:53  Zealot x3, Sentry  
  110  7:54  Zealot  
  120  8:03  Pylon  
  120  8:04  Pylon  
  120  8:08  Pylon  
  120  8:12  Stalker x2  
  122  8:13  Stalker x2  
  122  8:14  Zealot x2  
  122  8:18  Zealot  
  134  8:22  Stalker  
  134  8:26  Observer  
  118  8:43  Stalker x4  
  118  8:45  Zealot  
  128  8:55  Stalker x2  
  110  9:18  Sentry  
  110  9:19  Zealot x4, Sentry x2  
  118  9:37  Sentry  
  118  9:41  Sentry  
  118  9:42  Zealot x5  
Show
View Real Time Build Order
Export as new Build Order

Rogue Zerg - Winner!

Build Orders: Hatch First 

Get SALT Encoding   

  12  0:00  Drone  
  13  0:12  Overlord  
  13  0:16  Drone  
  14  0:30  Drone x2  
  16  0:47  Hatchery  
  15  0:50  Drone  
  15  0:53  Drone  
  15  0:56  Drone  
  18  1:08  Extractor  
  17  1:12  Spawning Pool  
  17  1:15  Drone  
  17  1:18  Drone  
  18  1:28  Drone  
  19  1:38  Drone  
  20  1:49  Overlord  
  20  1:59  Queen x2  
  20  2:00  Zergling x4  
  26  2:09  Metabolic Boost  
  26  2:11  Drone x2  
  28  2:21  Drone x2  
  30  2:32  Drone x2  
  32  2:40  Hatchery  
  31  2:45  Queen  
  31  2:50  Overlord  
  33  2:53  Drone  
  33  2:57  Drone x2  
  36  3:10  Drone x5  
  41  3:14  Overlord  
  41  3:19  Pneumatized Carapace  
  41  3:21  Drone  
  42  3:27  Queen  
  44  3:34  Roach Warren  
  44  3:35  Drone x2  
  44  3:38  Overlord  
  44  3:39  Zergling x2  
  44  3:40  Zergling x2  
  47  3:42  Drone x2  
  47  3:44  Drone  
  47  3:47  Overlord  
  50  3:49  Drone  
  51  3:55  Drone  
  51  3:56  Drone  
  51  3:58  Overlord  
  51  4:01  Extractor  
  51  4:02  Extractor  
  51  4:03  Overlord  
  51  4:12  Drone x2  
  51  4:13  Drone x2  
  51  4:14  Zergling x4  
  51  4:15  Overlord  
  51  4:16  Overlord  
  57  4:22  Drone x3  
  61  4:24  Drone  
  61  4:25  Drone  
  61  4:28  Evolution Chamber  
  61  4:30  Drone  
  62  4:38  Lair  
  62  4:41  Drone x4  
  62  4:43  Drone  
  67  4:46  Drone x2  
  67  4:48  Drone  
  67  4:52  Drone x3  
  72  5:01  Extractor x2  
  72  5:02  Zerg Melee Weapons Level 1  
  72  5:03  Roach x3  
  72  5:06  Roach x2  
  80  5:08  Drone x2  
  80  5:11  Roach  
  80  5:12  Roach  
  86  5:16  Overlord  
  86  5:24  Roach  
  86  5:25  Roach x4  
  96  5:28  Overlord x2  
  96  5:31  Ravager  
  96  5:32  Ravager  
  96  5:34  Zergling x4  
  100  5:37  Zergling x2  
  100  5:40  Ravager  
  100  5:41  Spine Crawler x2  
  100  5:45  Ravager  
  100  5:46  Roach, Zergling x6  
  100  5:47  Zergling x2  
  100  5:48  Zergling x2  
  108  5:51  Roach x2  
  108  5:55  Zergling x2  
  113  6:00  Glial Reconstitution  
  113  6:03  Roach x2  
  113  6:04  Roach x2  
  114  6:08  Roach  
  114  6:09  Roach x2  
  114  6:11  Zergling x2  
  113  6:13  Zergling x6  
  113  6:15  Ravager  
  113  6:16  Zergling x2  
  117  6:20  Roach x2  
  117  6:21  Roach  
  120  6:25  Overlord  
  120  6:29  Overlord  
  116  6:32  Ravager  
  116  6:33  Roach  
  116  6:34  Roach x2  
  116  6:39  Overlord  
  122  6:44  Roach  
  122  6:45  Ravager  
  122  6:46  Zergling x2, Ravager, Roach  
  128  6:49  Overlord  
  128  6:53  Ravager  
  128  6:54  Zergling x4  
  129  6:56  Zergling x4  
  129  7:01  Extractor  
  131  7:09  Zerg Melee Weapons Level 2  
  131  7:11  Baneling Nest  
  131  7:13  Roach x3  
  136  7:19  Roach x3  
  142  7:23  Roach  
  142  7:25  Zergling x2  
  142  7:28  Overlord x3  
  142  7:29  Overlord  
  145  7:32  Overseer  
  145  7:43  Overlord  
  145  7:47  Overlord x2  
  145  7:49  Drone x3  
  145  7:50  Drone x5  
  153  7:51  Hatchery  
  153  7:52  Drone, Overseer  
  153  8:00  Overlord x2  
  153  8:07  Centrifical Hooks  
  153  8:09  Zergling x12  
  153  8:11  Ravager  
  153  8:12  Ravager x4  
  164  8:19  Roach  
  172  8:20  Roach x3, Zergling x2  
  172  8:25  Ravager x2  
  172  8:26  Zergling x8  
  179  8:30  Roach x2  
  179  8:32  Roach  
  179  8:37  Roach x2  
  179  8:42  Zergling x2  
  179  8:45  Baneling  
  179  8:46  Baneling x7  
  179  8:47  Zergling x2  
  179  8:48  Zergling x8  
  185  8:54  Overlord  
  185  9:03  Baneling x10  
  185  9:05  Zergling x14  
  188  9:10  Zergling x2  
  188  9:16  Zergling x2  
  174  9:17  Zergling x2  
  174  9:18  Zergling x2  
  174  9:19  Zergling x14  
  170  9:27  Baneling  
  170  9:28  Baneling x12  
  170  9:29  Zergling x2  
  170  9:30  Zergling x2  
  170  9:31  Zergling x2  
  171  9:33  Zergling x2  
  171  9:38  Zergling x12  
  174  9:40  Zergling x4  
  174  9:44  Ravager x2  
  176  9:49  Zergling x2  
Tags
 
Add a new tag
Caveats
  • Supply blocks, unpowered buildings, or Contaminate may cause inaccurate times.
  • Supply counts are checked every 10 seconds.